AoeStats
← Abetterhandle

Black Forest

509831379Analyzed
4v4 RM · 4d ago on Sep 28, 2026· 73m 42s· 8 players
Game mode
Random Map
Map size
Large (8 player)
Population
200
Speed
Normal
Resources
Standard
Victory
Conquest
Starting age
Dark Age
Ending age
Imperial Age
RankedLock teamsTeams togetherTeam positionsShared explorationLock speedFull tech treeHidden civsTurbo modeCheats
Victory
Defeat
920
+15
🇳🇿 Saxons · New Zealand
913
+16
🇲🇽 Huns · Mexico
876
+17
🇲🇽 Bohemians · Mexico
854
+18
🇺🇸 Persians · United States
943
-18
🇺🇸 Mapuche · United States
893
-16
🇹🇼 Goths · Taiwan
892
-16
🇭🇰 Bohemians · Hong Kong SAR China
882
-16
ExiledBLEEZY420
0:27 Loom
12:01 Feudal Age
13:12 Wheelbarrow
12:46 Double-Bit Axe
19:10 Stone Mining
19:07 Horse Collar
21:07 Gold Mining
23:28 Castle Age
28:49 Hand Cart
31:12 Imperial Age
30:07 Bow Saw
30:15 Heavy Plow
30:26 Scale Barding Armor
31:51 Gold Shaft Mining
32:24 Bloodlines
32:15 Husbandry
32:31 Forging
34:08 Conscription
35:14 Elite War Elephant
36:00 Kamandaran
38:11 Chain Barding Armor
37:52 Scale Mail Armor
37:43 Pikeman
38:10 Gambesons
38:25 Squires
38:11 Arson
38:46 Crossbowman
39:36 Padded Archer Armor
39:26 Fletching
41:01 Thumb Ring
46:06 Iron Casting
46:06 Plate Barding Armor
45:48 Chain Mail Armor
45:48 Leather Archer Armor
45:29 Bodkin Arrow
46:59 Parthian Tactics
45:56 Heavy Cavalry Archer
50:39 Two-Man Saw
51:48 Caravan
54:06 Light Cavalry
57:55 Blast Furnace
57:27 Plate Mail Armor
60:17 Crop Rotation
60:09 Hussar
61:31 Ring Archer Armor
61:28 Halberdier
@_@
10:59 Feudal Age
15:01 Loom
17:49 Castle Age
16:17 Horse Collar
16:27 Double-Bit Axe
17:24 Wheelbarrow
17:31 Fishing Lines
19:07 Bow Saw
19:33 Heavy Plow
24:00 Hand Cart
23:40 Town Watch
24:14 Gillnets
25:12 Gold Mining
25:13 Stone Mining
29:11 Stone Shaft Mining
34:41 Forging
34:33 Scale Mail Armor
37:10 Imperial Age
35:30 Squires
34:51 Pikeman
34:52 Man-at-Arms
36:13 Iron Casting
37:21 Scale Barding Armor
37:35 Chain Mail Armor
37:20 Halberdier
37:22 Long Swordsman
38:57 Conscription
38:39 Perfusion
38:40 Anarchy
38:02 Elite Huskarl
38:10 Two-Handed Swordsman
40:18 Blast Furnace
38:59 Champion
46:07 Town Patrol
48:15 Caravan
48:58 Coinage
51:58 Two-Man Saw
51:41 Crop Rotation
leo67
0:52 Loom
1:11 Loom
13:59 Feudal Age
14:46 Double-Bit Axe
15:19 Horse Collar
19:20 Fishing Lines
24:29 Castle Age
25:59 Gillnets
27:04 Bow Saw
27:54 Heavy Plow
31:42 Imperial Age
32:42 Chemistry
32:05 Caravan
33:15 Wheelbarrow
35:05 Two-Man Saw
35:03 Hand Cart
35:40 Guilds
35:45 Fortified Wall
37:18 Town Watch
40:31 Pikeman
41:12 Squires
40:57 Arson
41:36 Town Patrol
42:20 Heavy Scorpion
45:24 Wagenburg Tactics
45:55 Halberdier
47:33 Siege Engineers
47:50 Ballistics
49:29 Forging
49:19 Scale Mail Armor
48:58 Houfnice
53:49 Murder Holes
58:25 Conscription
57:42 Elite Hussite Wagon
58:46 Conscription
61:31 Masonry
63:36 Architecture
64:07 Iron Casting
63:47 Chain Mail Armor
Gbetosaurus
0:49 Loom
11:19 Feudal Age
11:49 Double-Bit Axe
14:35 Gold Mining
16:55 Fletching
18:58 Wheelbarrow
18:15 Horse Collar
24:38 Castle Age
23:17 Stone Mining
25:57 Bow Saw
31:26 Imperial Age
29:31 Coinage
30:39 Bodkin Arrow
30:44 Padded Archer Armor
31:05 Ballistics
31:40 Heavy Plow
32:21 Stone Shaft Mining
32:28 Stone Shaft Mining
34:30 Crop Rotation
37:45 Butalmapu
38:13 Elite Bolas Rider
40:14 Banking
39:59 Malon
44:50 Leather Archer Armor
45:39 Chemistry
50:12 Ring Archer Armor
51:06 Forging
56:03 Hand Cart
58:36 Caravan
reyangel141
0:47 Loom
13:13 Feudal Age
18:01 Castle Age
17:26 Wheelbarrow
18:34 Double-Bit Axe
19:49 Bow Saw
20:57 Horse Collar
24:13 Forging
24:39 Heavy Plow
26:09 Hand Cart
27:15 Caravan
28:09 Stone Mining
28:36 Scale Barding Armor
28:27 Gold Mining
33:17 Imperial Age
32:22 Iron Casting
32:14 Bloodlines
32:05 Husbandry
32:16 Town Watch
33:28 Gold Shaft Mining
33:26 Chain Barding Armor
33:52 Marauders
33:37 Elite Tarkan
34:42 Conscription
35:19 Plate Barding Armor
35:50 Blast Furnace
35:04 Town Patrol
35:46 Scale Mail Armor
36:48 Two-Man Saw
36:18 Guilds
36:55 Atheism
38:03 Pikeman
38:44 Squires
39:03 Fletching
39:29 Chain Mail Armor
40:24 Chemistry
39:44 Ballistics
41:08 Bodkin Arrow
41:13 Padded Archer Armor
46:19 Bracer
48:07 Masonry
55:40 Leather Archer Armor
56:24 Light Cavalry
58:05 Hussar
Deivid7201
1:24 Loom
13:37 Feudal Age
20:45 Castle Age
19:05 Horse Collar
19:12 Double-Bit Axe
24:05 Fishing Lines
28:26 Chemistry
27:22 Murder Holes
27:59 Bow Saw
28:02 Gillnets
29:06 Wheelbarrow
28:43 Heavy Plow
28:19 Pikeman
29:00 Squires
28:23 Crossbowman
28:26 Elite Skirmisher
28:29 Light Cavalry
34:35 Imperial Age
35:30 Hand Cart
36:56 Two-Man Saw
36:16 Siege Engineers
36:32 Ballistics
35:41 Halberdier
36:07 Arson
38:42 Fervor
38:57 Caravan
40:16 Forging
40:07 Scale Mail Armor
39:57 Fletching
46:17 Houfnice
48:53 Heavy Scorpion
51:05 Conscription
50:51 Wagenburg Tactics
56:02 Iron Casting
55:42 Chain Mail Armor
54:55 Onager
69:57 Blast Furnace
69:27 Plate Mail Armor
69:06 Bodkin Arrow
69:11 Padded Archer Armor
Thats How We do action in Uganda
3:44 Loom
15:46 Feudal Age
17:02 Horse Collar
18:31 Double-Bit Axe
18:29 Fishing Lines
21:02 Castle Age
19:21 Gold Mining
19:24 Stone Mining
22:35 Heavy Plow
23:13 Bow Saw
24:15 Wheelbarrow
23:27 Town Watch
25:24 Stone Shaft Mining
25:30 Gold Shaft Mining
25:47 Hand Cart
32:06 Imperial Age
30:01 Ballistics
29:38 Murder Holes
30:12 Thumb Ring
30:30 Fletching
30:41 Padded Archer Armor
30:47 Nomads
31:31 Bloodlines
31:22 Husbandry
31:26 Bodkin Arrow
33:30 Gillnets
35:03 Elite Mangudai
36:06 Conscription
36:42 Caravan
38:16 Chemistry
37:44 Parthian Tactics
37:21 Bracer
37:36 Leather Archer Armor
38:57 Drill
39:13 Hoardings
38:20 Light Cavalry
39:08 Scale Barding Armor
39:13 Forging
39:33 Town Patrol
41:14 Masonry
41:10 Siege Engineers
41:27 Chain Barding Armor
41:43 Iron Casting
40:31 Hussar
48:54 Heavy Scorpion
55:37 Onager
60:18 Elite Steppe Lancer
62:21 Capped Ram
63:37 Siege Ram
Abetterhandle
1:21 Loom
11:52 Feudal Age
12:29 Double-Bit Axe
14:56 Gold Mining
19:27 Castle Age
18:07 Horse Collar
21:13 Bow Saw
27:21 Wheelbarrow
28:09 Stone Mining
32:21 Imperial Age
29:41 Town Watch
30:41 Thumb Ring
29:57 Crossbowman
30:49 Fletching
31:00 Padded Archer Armor
31:41 Hand Cart
31:56 Ballistics
32:06 Squires
31:51 Gambesons
33:11 Bodkin Arrow
33:32 Leather Archer Armor
33:44 Arbalester
34:33 Bracer
38:13 Chemistry
37:04 Elite Varangian Guard
38:19 Ring Archer Armor
38:00 Forging
42:50 Conscription
44:33 Caravan
55:59 Iron Casting
55:24 Scale Mail Armor
57:46 Chain Mail Armor
57:16 Elite Skirmisher
70:45 Arson
73:33 Plate Mail Armor
73:23 Shield Wall
Connection lost

Rejoining the realm…

Still unreachable

The connection could not be restored.

Session expired

The server has moved on; the page needs a fresh start.